 Dungeon Crawl Stone Soup version 0.23-a0-667-gc184e93 (webtiles) character file.

163 Blackhawk the Poker (level 5, -7/43 HPs)
             Began as a Merfolk Monk on Jan 8, 2019.
             Mangled by Terence
             ... wielding a +4 flail
              (10 damage)
             ... on level 3 of the Dungeon.
             The game lasted 00:05:33 (2166 turns).

Blackhawk the Poker (Merfolk Monk)                  Turns: 2166, Time: 00:05:34

Health: -7/43      AC:  5    Str: 13    XL:     5   Next: 44%
Magic:  5/5        EV: 15    Int:  9    God:
Gold:   110        SH:  0    Dex: 16    Spells: 4/4 levels left

rFire    . . .     SeeInvis .   a - +0 spear
rCold    . . .     Gourm    .   (no shield)
rNeg     . . .     Faith    .   b - +0 robe
rPois    .         Spirit   .   (no helmet)
rElec    .         Reflect  .   (no cloak)
rCorr    .         Harm     .   (no gloves)
MR       .....                  j - +2 pair of boots
Stlth    ++........             (no amulet)
HPRegen  0.14/turn              (no ring)
MPRegen  0.09/turn              (no ring)

@: drained
A: change form in water, swift swim, stealthy swim
a: no special abilities


You were on level 3 of the Dungeon.
You were not hungry.

You visited 1 branch of the dungeon, and saw 3 of its levels.

You collected 110 gold pieces.

Inventory:

Hand Weapons
 a - a +0 spear (weapon)
Armour
 b - a +0 robe (worn)
 j - a +2 pair of boots (worn)
Scrolls
 d - a scroll of identify {unknown}
 e - 4 scrolls of fear {unknown}
 l - a scroll of noise {unknown}
 n - a scroll of teleportation {unknown}
Potions
 g - 2 potions of curing {unknown}
 h - a potion of haste {unknown}
 i - a potion of degeneration {unknown}
 k - 2 potions of brilliance {unknown}
 m - 2 potions of ambrosia {unknown}
Comestibles
 c - 4 rations
 f - 5 chunks of flesh


   Skills:
 + Level 4.4(4.0) Fighting
 + Level 5.9(5.4) Polearms
 + Level 1.1(0.7) Armour
 + Level 5.3(4.8) Dodging
 - Level 2.3(1.8) Stealth


You had 4 spell levels left.
You didn't know any spells.
Your spell library was empty.

Dungeon Overview and Level Annotations

Branches:
Dungeon (3/15)

Altars:
Trog

Annotations:
D:3 Terence


Message History

You barely miss Terence.
Terence is severely wounded.
Terence barely misses you.
You hit Terence but do no damage.
Terence is severely wounded.
Terence closely misses you.
You barely miss Terence.
Terence is severely wounded.
You hit Terence but do no damage.
Terence is severely wounded.
Terence misses you.
You hit Terence but do no damage.
Terence is severely wounded.
Terence barely misses you.
You barely miss Terence.
Terence is severely wounded.
You hit Terence.
Terence is severely wounded.
Terence hits you with a +4 flail!
You die...

.# .. # #. # #.
### .. .. ... ..
.###.# #..##.
.....
#....###).####.
#..@@.......
##.#########
####<#
#######.).(#
#.........##
#.........########
#.................
#.........########
#.....>...#


You could see Terence.

Vanquished Creatures
  A howler monkey (D:2)
  An iguana (D:2)
  2 adders (D:2)
  An ooze (D:2)
  4 worms (D:2)
  2 dart slugs (D:2)
  3 leopard geckos
  An orc (D:3)
  9 bats
  2 giant cockroaches
  8 goblins
  6 hobgoblins
  A quokka (D:2)
  5 frilled lizards
  11 kobolds
  5 rats
62 creatures vanquished.

Notes
Turn   | Place    | Note
-------+----------+-------------------------------------------
     0 | D:1      | Blackhawk the Merfolk Monk began the quest for the Orb.
     0 | D:1      | Reached XP level 1. HP: 18/18 MP: 1/1
    75 | D:2      | Reached XP level 2. HP: 4/24 MP: 2/2
   676 | D:1      | Reached XP level 3. HP: 22/30 MP: 3/3
   680 | D:1      | Reached skill level 5 in Polearms
   979 | D:2      | Found a bloodstained altar of Trog.
  1133 | D:2      | Reached XP level 4. HP: 16/37 MP: 4/4
  1511 | D:2      | Reached skill level 5 in Dodging
  1807 | D:2      | Reached skill level 1 in Armour
  1807 | D:2      | Reached XP level 5. HP: 30/43 MP: 5/5
  2131 | D:3      | Noticed Terence
  2156 | D:3      | HP: 2/43 [Terence/+4 flail (13)]
  2166 | D:3      | Mangled by Terence

Vault maps used:
D:1:      scummos_arrival_simple_crosswalls
D:2:      lemuel_crystal_altar, chequers_serial_rivers_micro_e,
          kennysheep_flooded_box
D:3:      first_ration, hangedman_decor_points, uniq_terence

Skill      XL: |  1  2  3  4 |
---------------+-------------+-----
Polearms       | 5 |  5.9
Fighting       | 4 |  4.4
Dodging        | 5 |  5.3
Armour         | 1 |  1.1
Stealth        | |  2.3

Action                   |  1- 3 |  4- 6 || total
-------------------------+-------+-------++-------
Melee: Spear             |   129 |   140 ||   269
 Stab: Sleeping          |    12 |     7 ||    19
  Eat: Chunk             |     1 |     3 ||     4
Armor: Robe              |    15 |    11 ||    26
Dodge: Dodged            |    68 |    46 ||   114

Table legend:
 A = Non-vault XP
 B = Vault XP
 C = Vault XP percentage of total XP
 D = Non-vault monster count
 E = Vault monster count
 F = Vault count percentage of total count
                 A         B        C        D         E       F
            +---------+---------+-------+---------+---------+-------
      Total |     233 |       0 |   0.0 |      62 |       0 |   0.0
            +---------+---------+-------+---------+---------+-------
        D:1 |      36 |       0 |   0.0 |      24 |       0 |   0.0
        D:2 |     190 |       0 |   0.0 |      35 |       0 |   0.0
        D:3 |       7 |       0 |   0.0 |       3 |       0 |   0.0
            +---------+---------+-------+---------+---------+-------
